 Dungeon Crawl Stone Soup version 0.23.2-11-gf996548c65 (webtiles) character file.

Game seed: 8504660578006776517

117 smcx the Magician (level 4, 0/24 HPs)
             Began as a Deep Elf Fire Elementalist on June 4, 2019.
             Slain by an orc wizard
             ... wielding a +3 dagger
              (3 damage)
             ... on level 4 of the Dungeon.
             The game lasted 00:08:10 (2414 turns).

smcx the Magician (Deep Elf Fire Elementalist)      Turns: 2414, Time: 00:08:10

Health: 0/24       AC:  4    Str:  8    XL:     4   Next: 71%
Magic:  6/12       EV: 14    Int: 25    God:
Gold:   175        SH:  0    Dex: 15    Spells: 5/11 levels left

rFire    . . .     SeeInvis .   r - -1 hand axe (curse)
rCold    . . .     Gourm    .   (no shield)
rNeg     . . .     Faith    .   a - +0 robe
rPois    .         Spirit   .   (no helmet)
rElec    .         Reflect  .   l - +0 cloak
rCorr    .         Harm     .   (no gloves)
MR       .....                  w - +0 pair of boots
Stlth    ++........             (no amulet)
HPRegen  0.08/turn              u - +4 ring of intelligence
MPRegen  0.13/turn              v - +3 ring of strength

@: no status effects
A: no striking features
a: no special abilities


You were on level 4 of the Dungeon.
You were not hungry.

You visited 1 branch of the dungeon, and saw 4 of its levels.

You collected 175 gold pieces.

Inventory:

Hand Weapons
 d - a +0 hunting sling
 e - a +0 short sword
 r - a cursed -1 hand axe (weapon)
 y - a +0 rapier
Missiles
 f - 127 stones (quivered)
Armour
 a - a +0 robe (worn)
 l - a +0 cloak (worn)
 w - a +0 pair of boots (worn)
 B - a cursed +0 ring mail
Jewellery
 u - a +4 ring of intelligence (left hand)
 v - a +3 ring of strength (right hand)
 A - a +5 ring of evasion {unknown}
Scrolls
 i - a scroll of enchant armour {unknown}
 j - a scroll of fog {unknown}
 k - 2 scrolls of teleportation
 m - a scroll of magic mapping {unknown}
 n - 2 scrolls of identify
 o - a scroll of noise {unknown}
 q - a scroll of fear {unknown}
 t - a scroll of blinking {unknown}
 x - a scroll of remove curse {unknown}
Potions
 b - a potion of degeneration {unknown}
 g - a potion of ambrosia {unknown}
 h - 3 potions of mutation {unknown}
 p - a potion of brilliance {unknown}
 s - a potion of might {unknown}
Comestibles
 c - 12 rations


   Skills:
 + Level 3.5 Dodging
 - Level 2.4 Stealth
 + Level 4.2 Spellcasting
 + Level 2.6 Conjurations
 + Level 4.1 Fire Magic


You had 5 spell levels left.
You knew the following spells:

 Your Spells              Type           Power        Failure   Level  Hunger
a - Flame Tongue          Conj/Fire      ###..        2%          1    None
b - Throw Flame           Conj/Fire      ###...       3%          2    None
c - Conjure Flame         Conj/Fire      ###.....     7%          3    ##.....

Your spell library contained the following spells:

 Spells                   Type           Power        Failure   Level  Hunger
 Inner Flame              Hex/Fire       ###.....     12%         3    ##.....
 Sticky Flame             Conj/Fire      ###.....     22%         4    ####...
 Fireball                 Conj/Fire      ###.......   52%         5    #####..


Dungeon Overview and Level Annotations

Branches:
Dungeon (4/15)
 Temple: D:4-7

Altars:
Fedhas


Message History

The flame tongue hits the orc priest.
The orc priest is almost dead.
Something hits you but does no damage.
The orc priest looks encouraged for a moment.
Casting: Flame Tongue (safe; 2% risk of failure)
Confirm with . or Enter, or press ? or * to list all spells.
Aiming: Flame Tongue (safe; 2% risk of failure)
Press: ? - help, Shift-Dir - straight line, f/p - orc priest
Aim: an orc priest, wielding a +0 short sword and wearing a +0 ring mail (almost dead)
The flame tongue hits the orc priest.
You kill the orc priest!
You hear some strange, mumbled words.
You start resting.
Something hits you but does no damage.
You hear some strange, mumbled words.
A puff of flame appears from out of thin air!
The puff of flame hits you!
* * * LOW HITPOINT WARNING * * *
All of the chunks of flesh in your inventory have rotted away.
Something hits you.
You die...

#..##.## #..# ##.# #####.##..#
##.###..#
.........######.##..##
#..................##
.##......#####.....######
.##.####................# .
....#########....####.#.##....
##.....## ##..##.## #.........
#.###<.###..###@.#######.....
#. ##.##..## ##..# ... ..
#....## ##)## . .. ##....#
#..# ##.#..# ##.# #.##..# #)#
#.# #... #.# ..# ##.. #.####
.## ##.#.{..#


There were no monsters in sight!

Vanquished Creatures
  An orc priest (D:4)
  3 adders (D:2)
  A worm (D:2)
  A dart slug (D:1)
  2 orcs
  A ball python (D:1)
  13 bats
  2 giant cockroaches
  5 goblins
  A hobgoblin (D:2)
  4 jackals
  2 quokkas
  3 frilled lizards
  10 kobolds
  4 rats
53 creatures vanquished.

Notes
Turn   | Place    | Note
-------+----------+-------------------------------------------
     0 | D:1      | smcx the Deep Elf Fire Elementalist began the quest for the
                  | Orb.
     0 | D:1      | Reached XP level 1. HP: 10/10 MP: 6/6
   196 | D:1      | Reached XP level 2. HP: 10/15 MP: 0/8
   291 | D:1      | Learned a level 2 spell: Throw Flame
   810 | D:2      | Reached XP level 3. HP: 19/19 MP: 3/10
  1294 | D:2      | Reached XP level 4. HP: 24/24 MP: 6/11
  2321 | D:4      | Found a blossoming altar of Fedhas.
  2408 | D:4      | Learned a level 3 spell: Conjure Flame
  2414 | D:4      | Slain by an orc wizard

Skill      XL: |  1  2  3  4 |
---------------+-------------+-----
Dodging        | 3 |  3.5
Conjurations   | 2 |  2.6
Fire Magic     | 4 |  4.1
Spellcasting   | 4 |  4.2
Stealth        | |  2.4

Action                   |  1- 3 |  4- 6 || total
-------------------------+-------+-------++-------
Melee: Short sword       |     7 |       ||     7
 Cast: Flame Tongue      |    39 |    22 ||    61
       Throw Flame       |    21 |    11 ||    32
  Use: Scroll            |       |     1 ||     1
  Eat: Chunk             |     2 |     1 ||     3
       Ration            |       |     1 ||     1
Armor: Robe              |     6 |     5 ||    11
Dodge: Dodged            |    15 |     6 ||    21
